 Dungeon Crawl Stone Soup version 0.25-a0-1130-g3926558f3a (webtiles) character file.

Game seed: 5263362230934951558, levelgen mode: deterministic

37 kae the Skirmisher (level 3, -3/30 HPs)
             Began as a Formicid Abyssal Knight on May 19, 2020.
             Was a Follower of Lugonu.
             Slain by Natasha (7 damage)
             ... on level 2 of the Dungeon.
             The game lasted 00:01:20 (1535 turns).

kae the Skirmisher (Formicid Abyssal Knight)        Turns: 1535, Time: 00:01:20

Health: -3/30      AC:  3    Str: 17    XL:     3   Next: 62%
Magic:  5/5        EV: 11    Int: 11    God:    Lugonu [*.....]
Gold:   67         SH:  0    Dex: 10    Spells: 2/2 levels left

rFire    + . .     SeeInvis +   a - +1 falchion
rCold    + . .     Gourm    .   (no shield)
rNeg     . . .     Faith    .   b - +0 leather armour
rPois    +         Spirit   .   (helmet unavailable)
rElec    +         Reflect  .   (no cloak)
rCorr    +         Harm     .   (no gloves)
MR       .....                  (no boots)
Stlth    +.........             (no amulet)
HPRegen  0.10/turn              e - ring of wizardry
MPRegen  0.09/turn              (no ring)

@: resistant
A: permanent stasis, dig shafts and tunnels, four strong arms, antennae 3
a: Dig, Shaft Self, Depart the Abyss, Renounce Religion


You were on level 2 of the Dungeon.
You worshipped Lugonu.
Lugonu was aware of your devotion.
You were not hungry.

You visited 1 branch of the dungeon, and saw 2 of its levels.
You visited the Abyss 1 time.

You collected 67 gold pieces.

Inventory:

Hand Weapons
 a - a +1 falchion (weapon)
Armour
 b - a +0 leather armour (worn)
Jewellery
 e - a ring of wizardry (left hand)
Scrolls
 d - a scroll of random uselessness {unknown}
 f - a scroll of immolation {unknown}
 g - 3 scrolls of amnesia {unknown}
 i - 2 scrolls of identify {unknown}
 l - a scroll of teleportation {unknown}
Potions
 j - a potion of lignification {unknown}
 k - a potion of cancellation {unknown}
 m - a potion of curing {unknown}
Comestibles
 c - a ration
 n - 6 chunks of flesh


   Skills:
 + Level 3.7 Fighting
 * Level 3.0 Long Blades
 - Level 2.1 Armour
 - Level 0.8 Dodging
 + Level 2.8 Invocations


You had 2 spell levels left.
You didn't know any spells.
Your spell library contained the following spells:

 Spells                   Type           Power        Failure   Level  Hunger
 Confusing Touch          Hex            #.......     43%         3    ####...
 Gell's Gravitas          Tloc           #.........   43%         3    ####...
 Petrify                  Tmut/Erth      #.......     82%         4    #####..
 Metabolic Englaciation   Hex/Ice        #.........   98%         5    ######.
 Yara's Violent Unravell  Hex/Tmut       #.........   98%         5    ######.


Dungeon Overview and Level Annotations

Branches:
Dungeon (2/15)

Altars:

Annotations:
D:2 Natasha


Innate Abilities, Weirdness & Mutations

You cannot be hasted, slowed, berserked, paralysed or teleported.
You can dig through walls and to a lower floor.
Your four strong arms can wield two-handed weapons with a shield.
You have a pair of large antennae on your head. (SInv)


Message History

You are too injured to fight recklessly!
You are too injured to fight recklessly!
You are too injured to fight recklessly!
You are too injured to fight recklessly!
You are too injured to fight recklessly!
You are too injured to fight recklessly!
You hit the hobgoblin.
You kill the hobgoblin!
Lugonu accepts your kill. Natasha claws you.
You barely miss Natasha. Natasha claws you!
* * * LOW HITPOINT WARNING * * *
You closely miss Natasha. Natasha casts a spell at you.
The magic dart hits you.
* * * LOW HITPOINT WARNING * * *
It was a potion of resistance.
You feel protected. Natasha claws you!
You die...

#.........
#.########
#.##########
########...........
..........#.######
###.........#
#.####.#.##
#.####.#.#
#.@)...#.#
#h####.#.# #.
#....# .. #....#
##. ......# #.
.........
#.#........##
.#......##.#
.###...# ..


You could see Natasha.

Vanquished Creatures
  A gnoll (D:1)
  A leopard gecko (D:2)
  3 giant cockroaches
  A goblin (D:1)
  5 hobgoblins
  3 kobolds
  A ball python (D:2)
  4 bats
  2 frilled lizards
  5 rats
26 creatures vanquished.

Notes
Turn   | Place    | Note
-------+----------+-------------------------------------------
     0 | Abyss:1  | kae the Formicid Abyssal Knight began the quest for the
                  | Orb.
     0 | Abyss:1  | Reached XP level 1. HP: 18/18 MP: 2/2
    44 | Abyss:2  | Found a corrupted altar of Lugonu.
    87 | Abyss:2  | Noticed an orange demon
   147 | Abyss:2  | Noticed an ice devil
   148 | D:1      | Escaped the Abyss
   441 | D:1      | Reached XP level 2. HP: 8/24 MP: 3/3
   725 | D:1      | Reached XP level 3. HP: 29/29 MP: 4/4
   732 | D:1      | Reached * piety under Lugonu
  1528 | D:2      | Noticed Natasha
  1535 | D:2      | Slain by Natasha

Illustrated notes

Levels and vault maps discovered:
D:1:      dpeg_arrival_round_b, layout_loops_cross
D:2:      minmay_chambers_of_ones, layout_loops_ring, minmay_tromino_v4_b,
          uniq_natasha

Skill      XL: |  1  2  3 |
---------------+----------+-----
Long Blades    | 3 |  3.0
Fighting       | |  3.7
Armour         | |  2.1
Dodging        | |  0.8
Invocations    | |  2.8

Action                   || total
-------------------------++-------
Melee: Falchion          ||    58
Invok: Depart the Abyss  ||     1
  Use: Potion            ||     1
  Eat: Chunk             ||     2
Armor: Leather armour    ||    16
Dodge: Dodged            ||    26
       Rpst.: Falchion   ||     6

Table legend:
 A = Non-vault XP
 B = Vault XP
 C = Vault XP percentage of total XP
 D = Non-vault monster count
 E = Vault monster count
 F = Vault count percentage of total count
                 A         B        C        D         E       F
            +---------+---------+-------+---------+---------+-------
      Total |      54 |       0 |   0.0 |      26 |       0 |   0.0
            +---------+---------+-------+---------+---------+-------
        D:1 |      37 |       0 |   0.0 |      16 |       0 |   0.0
        D:2 |      17 |       0 |   0.0 |      10 |       0 |   0.0
            +---------+---------+-------+---------+---------+-------
